 Dungeon Crawl Stone Soup version 0.23.2-1-ga50397a (webtiles) character file.

Game seed: 16865162588362565271

340 schauveau the Archer (level 6, -1/52 HPs)
             Began as a Centaur Hunter on Apr 26, 2019.
             Slain by an adder (3 damage)
             ... in a sewer.
             The game lasted 00:05:21 (1631 turns).

schauveau the Archer (Centaur Hunter)               Turns: 1631, Time: 00:05:22

Health: -1/52      AC:  9    Str: 20    XL:     6   Next: 30%
Magic:  6/6        EV:  9    Int: 10    God:
Gold:   90         SH:  0    Dex: 11    Spells: 5/5 levels left

rFire    . . .     SeeInvis .   a - +1 shortbow
rCold    . . .     Gourm    .   (shield currently unavailable)
rNeg     . . .     Faith    .   e - +0 ring mail (curse)
rPois    .         Spirit   .   c - +2 helmet
rElec    .         Reflect  .   o - +0 cloak
rCorr    .         Harm     .   (no gloves)
MR       .....                  (no barding)
Stlth    ..........             (no amulet)
HPRegen  0.17/turn              (no ring)
MPRegen  0.10/turn              (no ring)

@: mighty, lethally poisoned (-1 -> -3), very quick
A: large, hooves 3, deformed body, speed 2, tough skin 3
a: no special abilities


You were in a sewer.
You were not hungry.

You visited 1 branch of the dungeon, and saw 4 of its levels.
You also visited: Sewer.

You collected 90 gold pieces.

Inventory:

Hand Weapons
 a - a +1 shortbow (weapon)
 b - a +0 short sword
Missiles
 j - 53 stones (quivered)
 p - 6 tomahawks
Armour
 c - a +2 helmet (worn)
 e - a cursed +0 ring mail (worn)
 o - a +0 cloak (worn)
Jewellery
 k - an uncursed amulet of rage {unknown}
Scrolls
 h - a scroll of noise {unknown}
 i - a scroll of enchant weapon {unknown}
 n - a scroll of enchant armour {unknown}
 q - a scroll of remove curse {unknown}
 r - a scroll of fear {unknown}
 v - a scroll of teleportation {unknown}
 w - a scroll of magic mapping {unknown}
 x - a scroll of fog {unknown}
 y - a scroll of blinking {unknown}
Potions
 g - a potion of magic {unknown}
 l - 2 potions of heal wounds {unknown}
 m - 2 potions of might
 s - a potion of curing
 t - 2 potions of brilliance {unknown}
Comestibles
 f - 5 rations


   Skills:
 + Level 4.1 Fighting
 * Level 8.8 Bows
 - Level 1.3 Dodging
 - Level 0.4 Stealth


You had 5 spell levels left.
You didn't know any spells.
Your spell library was empty.

Dungeon Overview and Level Annotations

Branches:
Dungeon (4/15)
 Temple: D:4-7

Altars:
Ru


Innate Abilities, Weirdness & Mutations

You have hooves in place of feet.
Armour fits poorly on your strangely shaped body.
You cover ground very quickly.
You have extremely tough skin. (AC +3)


Message History

The arrow hits the bullfrog.
The bullfrog is lightly wounded.
You feel sick. The adder bites you but does no damage. The adder bites you.
* * * LOW HITPOINT WARNING * * *
The adder barely misses you.
Firing (i - inventory. (/) - cycle)
d - an arrow (quivered)
Press: ? - help, Shift-Dir - straight line, f/p - adder
Aim: an adder You shoot an arrow.
The arrow hits the adder.
The adder is moderately wounded.
The adder bites you but does no damage. The adder bites you.
* * * LOW HITPOINT WARNING * * *
Throwing (i - inventory. (/) - cycle)
j - 54 stones (quivered)
Press: ? - help, Shift-Dir - straight line, f/p - adder
Aim: an adder (moderately wounded)
You throw a stone. The stone misses the adder.
The stone hits the bullfrog.
The bullfrog is lightly wounded.
* * * LOW HITPOINT WARNING * * *
You feel sick. The adder barely misses you. The adder bites you.
You die...

≈≈≈≈≈≈≈.≈≈≈≈≈≈†≈...##
≈≈≈≈≈≈≈...≈≈≈≈≈...†.#
≈≈≈≈≈≈≈≈.≈≈≈≈†≈≈....#
≈≈≈≈≈≈≈...÷†≈≈≈÷....##
≈≈≈≈≈≈≈≈≈≈≈≈≈≈≈......#
#################....#
##...## #####...#
#.@SF...# #.S#....#
####...##
#################....#
≈≈≈≈≈≈≈≈≈≈≈≈≈≈≈......#
≈≈≈≈≈≈≈≈≈≈≈≈≈≈≈.....##
#≈≈≈≈≈≈≈≈≈≈≈≈≈≈....(#
≈≈≈≈≈#≈≈≈≈≈≈≈≈≈≈(...#
≈ #≈..≈#≈≈≈≈≈(((.##


You could see a bullfrog and 2 adders.

Vanquished Creatures
  An ogre (D:4)
  A bullfrog (Sewer)
  A jelly (D:4)
  6 adders
  4 river rats
  2 oozes (Sewer)
  2 worms (D:4)
  A leopard gecko (D:3)
  An orc (D:3)
  3 bats
  2 giant cockroaches
  2 hobgoblins
  4 jackals (D:1)
  2 quokkas
  8 ball pythons (Sewer)
  2 frilled lizards (Sewer)
  4 goblins
  2 kobolds
  25 rats
73 creatures vanquished.

Notes
Turn   | Place    | Note
-------+----------+-------------------------------------------
     0 | D:1      | schauveau the Centaur Hunter began the quest for the Orb.
     0 | D:1      | Reached XP level 1. HP: 17/17 MP: 1/1
   110 | D:1      | Reached XP level 2. HP: 16/24 MP: 2/2
   463 | D:3      | Reached skill level 6 in Bows
   494 | D:3      | Reached XP level 3. HP: 20/30 MP: 3/3
   595 | D:3      | Found a sacrificial altar of Ru.
   762 | D:4      | Noticed an ogre
   787 | D:4      | Killed an ogre
   787 | D:4      | Reached skill level 7 in Bows
   787 | D:4      | Reached XP level 4. HP: 9/38 MP: 4/4
   857 | D:4      | Reached XP level 5. HP: 19/45 MP: 5/5
   939 | D:4      | Found a glowing drain.
   950 | Sewer    | Entered a sewer
  1152 | Sewer    | Reached skill level 8 in Bows
  1602 | Sewer    | Reached XP level 6. HP: 23/52 MP: 6/6
  1609 | Sewer    | HP: 2/52 [bullfrog (4)]
  1630 | Sewer    | HP: 2/52 [adder (1)]
  1631 | Sewer    | Slain by an adder

Skill      XL: |  1  2  3  4  5  6 |
---------------+-------------------+-----
Bows           | 6 7 8 |  8.8
Fighting       | 3 4 |  4.1
Dodging        | |  1.3
Stealth        | |  0.4

Action                   |  1- 3 |  4- 6 || total
-------------------------+-------+-------++-------
Melee: Short sword       |    69 |       ||    69
       Kick              |     9 |       ||     9
 Fire: Shortbow          |    16 |   129 ||   145
Throw: Stone             |       |    13 ||    13
  Use: Potion            |       |     3 ||     3
  Eat: Ration            |       |     1 ||     1
Armor: Leather armour    |     8 |       ||     8
       Ring mail         |    36 |    66 ||   102
Dodge: Dodged            |    26 |    64 ||    90
